 Dungeon Sprint DCSS version 0.31-a0-851-g7ff8af7976 (webtiles) character file.

Game seed: 17599427677310132805

59 sircluck the Ruffian (level 3, -2/60 HPs)
             Began as a Troll Berserker on Oct 5, 2023.
             Was a Follower of Trog.
             Slain by a dream sheep (5 damage)
             ... in the Dungeon (Sprint VII: "The Pits").
             The game lasted 00:00:12 (27 turns).

sircluck the Ruffian (Troll Berserker)                Turns: 27, Time: 00:00:13

Health: -2/60      AC:  4    Str: 27    XL:     3   Next: 78%
Magic:  2/2        EV:  5    Int:  3    God:    Trog [*.....]
Gold:   0          SH:  0    Dex:  9    Spells: 2/2 levels left

rFire   . .          .
                       - Unarmed
rCold   . . .        (no shield)
rNeg    . . .        a - +0 animal skin
rPois   .            (helmet restricted)
rElec   .            (no cloak)
rCorr   .            (gloves unavailable)
SInv    .            (boots unavailable)
Will    .....        (no amulet) Stlth
                     (no ring)
HPRegen 1.10/turn    (no ring)
MPRegen 0.08/turn

%: no teleportation
@: berserking (expiring), petrifying (expiring), quick
A: large, unfitting armour, claws 3, regeneration 1, shaggy fur 1, tough skin 1
a: Renounce Religion, Berserk


You were in the Dungeon.
You worshipped Trog.
Trog was aware of your devotion.
You visited 1 branch

Inventory:

Armour
 a - a +0 animal skin (worn)
Scrolls
 g - a scroll of blinking
Potions
 b - a potion of curing
 c - a potion of heal wounds
 d - a potion of haste
 e - 2 potions of magic
 f - a potion of berserk rage


   Skills:
 + Level 4.3 Fighting
 + Level 4.3 Dodging
 + Level 5.2 Unarmed Combat


You had 2 spell levels left.
You didn't know any spells.
Your spell library was empty.

Dungeon Overview and Level Annotations

Branches:
Dungeon (1/1)

Altars:


Innate Abilities, Weirdness & Mutations

You are too large for most types of armour.
You have claws for hands.
Your natural rate of healing is unusually fast.
You are covered in fur. (AC +1)
You have tough skin. (AC +1)


Message History

You mangle the necrophage!!
The necrophage is almost destroyed.
The fire bat misses you.
You claw the necrophage!
You destroy the necrophage!
Trog accepts your kill. The fire bat bites you.
You are engulfed in flames.
The fire bat bites you.
You are engulfed in flames!
* * * LOW HITPOINT WARNING * * *
The basilisk gazes at you.
You are slowing down.
Your Fighting skill gained 2 levels and is now at level 4!
Your Dodging skill gained 2 levels and is now at level 4!
Your Unarmed Combat skill gained 2 levels and is now at level 5!
You have reached level 2!
You have reached level 3!
Your experience leads to an increase in your attributes!
Increase (S)trength, (I)ntelligence, or (D)exterity?
You feel stronger. x3
Unknown command.
Unknown command.
Unknown command.
You miss the fire bat.
The fire bat is lightly wounded.
The fire bat bites you but does no damage.
Your limbs are stiffening.
Unknown command.
Unknown command.
You closely miss the basilisk. The fire bat barely misses you.
A dream sheep comes into view.
The basilisk barely misses you.
You claw the dream sheep!
The dream sheep is almost dead.
The fire bat bites you.
* * * LOW HITPOINT WARNING * * *
You are engulfed in flames.
* * * LOW HITPOINT WARNING * * *
The basilisk bites you but does no damage.
The dream sheep bites you!
You die...

#................+
+................+
#......#..#......#
#................#
####'#####''######
#.......##''#
#.......##..##
#.......##..b##
#...<...###.@Y#
#.......#
##lY..Y.Y.
#.......#
..###+###
#.......# ..##
##########.. #..
##. ##


You could see a basilisk, a fire bat and 4 dream sheep.

Vanquished Creatures
  A necrophage (D)
1 creature vanquished.

Notes
Turn   | Place    | Note
-------+----------+-------------------------------------------
     0 | D        | sircluck the Troll Berserker began the quest for the Orb.
     0 | D        | Reached XP level 1. HP: 22/22 MP: 0/0
    16 | D        | Noticed a fire bat
    16 | D        | Noticed a basilisk
    16 | D        | Noticed a necrophage
    21 | D        | Noticed a dream sheep
    21 | D        | Noticed a dream sheep
    21 | D        | Noticed a dream sheep
    23 | D        | Noticed a dream sheep
    24 | D        | Killed a necrophage
    25 | D        | Reached skill level 5 in Unarmed Combat
    25 | D        | Reached XP level 2. HP: 5/33 MP: 1/1
    25 | D        | Reached XP level 3. HP: 6/40 MP: 2/2
    26 | D        | Noticed a dream sheep
    27 | D        | HP: 3/60 [fire bat (4)]
    27 | D        | Slain by a dream sheep

Illustrated notes

Levels and vault maps discovered:
D:        pitsprint [storerooms_1, entrance_room_1, metal_vault_5, armoury_3,
          mini_pit_1, grid_room_1, main_hall_1, silver_pit, the_coven_1,
          the_vestibule_1, steel_vault_4, golden_pit, hallway_of_sentries,
          crystal_vault_2, iron_vault_4, final_vault]

Skill      XL: |  1 |
---------------+----+-----
Fighting       | 4 |  4.3
Dodging        | 4 |  4.3
Unarmed Combat | 5 |  5.2

Action                     || total
---------------------------++-------
  Melee: Unarmed           ||     8
 Invoke: Berserk           ||     1
 Armour: Animal skin       ||     9
  Dodge: Dodged            ||     5

Table legend: (Time is in decaauts)
 A = Elapsed time spent in this place.
 B = Non-inter-level travel time spent in this place.
 C = Inter-level travel time spent in this place.
 D = Time resting spent in this place.
 E = Time spent auto-exploring this place.
 F = Levels seen in this place.
 G = Mean time per level.
                   A        B        C        D        E       F      G
               +--------+--------+--------+--------+--------+-----+--------+
         Total |     24 |     24 |      0 |      0 |     15 |   1 |   24.0 |
       Dungeon |     24 |     24 |      0 |      0 |     15 |   1 |   24.0 |
               +--------+--------+--------+--------+--------+-----+--------+

Top non-repeatable levels by time:
       D: 24 daAuts
